 Dungeon Crawl Stone Soup version 0.28-a0-1395-g4f6bc678fa (webtiles) character file.

Game seed: 12471784995938954887

420 eustatius the Skirmisher (level 6, -1/57 HPs)
             Began as a Minotaur Wanderer on Jan 5, 2022.
             Was an Initiate of Yredelemnul.
             Slain by an orc wizard (2 damage)
             ... on level 4 of the Dungeon.
             The game lasted 00:18:07 (3551 turns).

eustatius the Skirmisher (Minotaur Wanderer)        Turns: 3551, Time: 00:18:08

Health: -1/57      AC: 12    Str: 21    XL:     6   Next: 62%
Magic:  5/5        EV:  7    Int:  7    God:    Yredelemnul [......]
Gold:   172        SH:  0    Dex:  9    Spells: 5/5 levels left

rFire   . . .      SeeInvis .   r - +0 flail
rCold   . . .      Faith    .   (no shield)
rNeg    . . .      Spirit   .   p - +0 plate armour
rPois   .          Reflect  .   (helmet restricted)
rElec   .          Harm     .   (no cloak)
rCorr   .          Rampage  .   (no gloves)
Will    .....                   (no boots)
Stlth   ..........              q - amulet of the acrobat
HPRegen 0.19/turn               (no ring)
MPRegen 0.09/turn               (no ring)

@: no status effects
A: horns 2, retaliatory headbutt
a: Renounce Religion, Recall Undead Harvest


You were on level 4 of the Dungeon.
You worshipped Yredelemnul.
Yredelemnul was noncommittal.
You visited 1 branch of the dungeon, and saw 4 of its levels.

You collected 172 gold pieces.

Inventory:

Hand Weapons
 a - a +0 club
 f - a +0 short sword of holy wrath
 r - a +0 flail (weapon)
Missiles
 b - 3 throwing nets (quivered)
 g - 90 stones
 s - a boomerang
Armour
 e - a +0 leather armour
 l - a +0 ring mail
 p - a +0 plate armour (worn)
 t - a +0 plate armour
Jewellery
 n - an amulet of magic regeneration
 q - an amulet of the acrobat (around neck)
Scrolls
 d - 5 scrolls of teleportation
 h - a scroll of fog {unknown}
 j - a scroll of vulnerability {unknown}
 o - a scroll of enchant weapon {unknown}
 u - 2 scrolls of fear {unknown}
 v - a scroll of enchant armour {unknown}
Potions
 c - 2 potions of curing
 i - a potion of cancellation
 k - a potion of brilliance {unknown}
 m - 2 potions of heal wounds


   Skills:
 + Level 6.0 Fighting
 * Level 1.9 Short Blades
 * Level 3.3 Maces & Flails
 * Level 4.9 Armour
 * Level 5.2 Dodging
 - Level 1.7 Stealth


You had 5 spell levels left.
You didn't know any spells.
Your spell library was empty.

Dungeon Overview and Level Annotations

Branches:
Dungeon (4/15)             Temple (0/1) D:4

Altars:
Kikubaaqudgha
Makhleb
Sif Muna
Yredelemnul

Shops:
D:3 *


Innate Abilities, Weirdness & Mutations

You have a pair of horns on your head.
You reflexively headbutt those who attack you in melee.


Message History

You hit your orc wizard zombie.
The orc wizard zombie is lightly damaged.
Something hits you but does no damage.
Your kobold zombie barely misses the orc priest.
The orc wizard zombie hits you but does no damage.
The scorpion zombie hits you.
* * * LOW HITPOINT WARNING * * *
The orc priest hits you but does no damage.
The orc closely misses you.
Something hits you but does no damage. x2
Your kobold zombie hits the orc priest but does no damage.
Are you sure you want to stumble around while confused and next to your kobold zombie? [Y]es or [N]o only, please.
Are you sure you want to stumble around while confused and next to your kobold zombie?
You hit the orc.
The orc is moderately wounded.
The scorpion zombie hits you but does no damage.
The orc wizard zombie closely misses you.
The orc priest closely misses you. Something hits you but does no damage.
The orc hits you but does no damage. Something hits you.
* * * LOW HITPOINT WARNING * * *
The scorpion zombie hits you.
* * * LOW HITPOINT WARNING * * *
Your kobold zombie hits the orc priest but does no damage.
Are you sure you want to stumble around while confused and next to your kobold zombie? [Y]es or [N]o only, please.
Are you sure you want to stumble around while confused and next to your kobold zombie? [Y]es or [N]o only, please.
Are you sure you want to stumble around while confused and next to your kobold zombie? [Y]es or [N]o only, please.
Are you sure you want to stumble around while confused and next to your kobold zombie?
You hit the orc.
The orc is heavily wounded.
You feel less confused.
The orc priest hits you with a +0 flail!
* * * LOW HITPOINT WARNING * * *
The orc hits you with a +0 hand axe.
* * * LOW HITPOINT WARNING * * *
Something hits you.
You die...
Your body rises from the dead as a mindless zombie.

(#.#...#.........#
##.###.#.(....(..###### #####
Z.....................# #....
####.##.....P...PPP.P.#######'###
....................P.#........##
#######...........P..............
#..[......_................
#.......PZo{P.P............
#.....P..Z@{......#####....
#####...PZ)o...... #...)
#............. ##....
##..####...... #..... #.## ......
#..... #.# ...... #..... # ......
#..... ..... ##'##. #.#..


You could see an orc priest (ally target), an orc, a scorpion zombie, an orc
wizard zombie and a friendly kobold zombie.

Vanquished Creatures
  The ghost of DrKleor the Skirmisher, a weakling DsFi (D:3)
  A hound (D:4)
  2 orc wizards (D:3)
  A howler monkey skeleton (D:3)
  A gnoll (D:1)
  4 adders
  An ufetubus (D:2)
  A worm (D:4)
  3 dart slugs
  5 orcs (D:3)
  8 bats
  2 endoplasms
  2 giant cockroaches
  11 goblins
  6 hobgoblins
  8 jackals
  2 quokkas
  4 ball pythons
  3 frilled lizards
  9 kobolds
  An orc zombie (D:3)
  2 rats (D:3)
78 creatures vanquished.

Vanquished Creatures (collateral kills)
  A scorpion (D:4)
  A water moccasin skeleton (D:4)
  An orc wizard (D:4)
  An adder skeleton (D:4)
  A dart slug (D:2)
  2 orcs
  2 bats
  3 hobgoblins (D:2)
  4 jackals (D:2)
  A quokka (D:1)
  2 ball pythons
  A ball python skeleton (D:3)
  A kobold (D:2)
  3 rats
24 creatures vanquished.

Vanquished Creatures (others)
  A hound zombie (D:4)
  An adder zombie (D:3)
  2 bat zombies (D:3)
  A ball python zombie (D:2)
  A dart slug zombie (D:3)
  2 goblin zombies (D:3)
  A hobgoblin zombie (D:2)
  2 jackal zombies (D:3)
  A kobold zombie (D:4)
  2 orc zombies (D:3)
  18 fungi (D:4)
  5 plants (D:4)
  3 withered plants (D:3)
40 creatures vanquished.

Grand Total: 142 creatures vanquished

Notes
Turn   | Place    | Note
-------+----------+-------------------------------------------
     0 | D:1      | eustatius the Minotaur Wanderer began the quest for the
                  | Orb.
     0 | D:1      | eustatius set off with the following items: a +0 club, 4
                  | throwing nets, a potion of curing, a scroll of
                  | teleportation, a +0 leather armour
     0 | D:1      | Reached XP level 1. HP: 22/22 MP: 0/0
   203 | D:1      | Reached skill level 5 in Fighting
   213 | D:1      | Reached XP level 2. HP: 27/29 MP: 1/1
   492 | D:1      | Found a faded altar of an unknown god.
   556 | D:1      | Prayed at the altar of an unknown god.
   556 | D:1      | Became a worshipper of Yredelemnul the Dark
   556 | D:1      | Reached * piety under Yredelemnul
   822 | D:1      | Reached skill level 1 in Armour
   822 | D:1      | Reached XP level 3. HP: 36/36 MP: 2/2
   845 | D:1      | Reached ** piety under Yredelemnul
  1486 | D:2      | Reached XP level 4. HP: 44/44 MP: 3/3
  1567 | D:2      | Reached skill level 1 in Short Blades
  2072 | D:2      | Reached *** piety under Yredelemnul
  2183 | D:3      | Reached XP level 5. HP: 37/50 MP: 4/4
  2535 | D:3      | Found Vestawn's General Store.
  2560 | D:3      | Reached skill level 1 in Maces & Flails
  2691 | D:3      | Found a runed translucent door.
  2691 | D:3      | Noticed DrKleor's ghost (weakling DsFi)
  2755 | D:3      | Killed DrKleor's ghost
  2756 | D:3      | Reached skill level 5 in Dodging
  3121 | D:4      | Reached XP level 6. HP: 52/57 MP: 5/5
  3123 | D:4      | Found an ancient bone altar of Kikubaaqudgha.
  3377 | D:4      | Found a staircase to the Ecumenical Temple.
  3394 | D:4      | Found a shimmering blue altar of Sif Muna.
  3410 | D:4      | Found a basalt altar of Yredelemnul.
  3526 | D:4      | Found a burning altar of Makhleb.
  3544 | D:4      | Reached skill level 6 in Fighting
  3551 | D:4      | HP: 1/57 [orc (2)]
  3551 | D:4      | Slain by an orc wizard

Illustrated notes

Levels and vault maps discovered:
D:1:      elethiomel_arrival_infinity_welcomes_careful_drivers, layout_basic,
          dreamdust_ecumenical_altar_statues
D:2:      layout_loops_cross, minmay_crystal_room
D:3:      layout_loops_ring, serial_shops, shop, gammafunk_ghost_grave,
          serial_undead, serial_undead_a, serial_undead_e, serial_undead_d,
          serial_undead_f, serial_undead_f, serial_undead_b
D:4:      layout_basic, mainiacjoe_overflow_large_starburst,
          mainiacjoe_overflow_cross_hatched, kiku_gazebo_pond_becter,
          minmay_temple_entry_overgrown, minmay_manual_monstrance

Skill      XL: |  1  2  3  4  5  6 |
---------------+-------------------+-----
Fighting       | 5 6 |  6.0
Armour         | 1 3 4 |  4.9
Short Blades   | 1 |  1.9
Maces & Flails | 2 3 |  3.3
Dodging        | 5 |  5.2
Stealth        | |  1.7

Action                   |  1- 3 |  4- 6 || total
-------------------------+-------+-------++-------
Melee: Short sword       |    32 |       ||    32
       Club              |    32 |    68 ||   100
       Headbutt          |     9 |    26 ||    35
       Flail             |       |    74 ||    74
Throw: Throwing net      |       |     2 ||     2
  Use: Scroll            |       |     2 ||     2
       Potion            |       |     1 ||     1
Armor: Leather armour    |     9 |       ||     9
       Ring mail         |    16 |       ||    16
       Plate armour      |       |   126 ||   126
Dodge: Dodged            |    53 |    93 ||   146

Table legend: (Time is in decaauts)
 A = Elapsed time spent in this place.
 B = Non-inter-level travel time spent in this place.
 C = Inter-level travel time spent in this place.
 D = Time resting spent in this place.
 E = Time spent auto-exploring this place.
 F = Levels seen in this place.
 G = Mean time per level.
                   A        B        C        D        E       F      G
               +--------+--------+--------+--------+--------+-----+--------+
         Total |   3605 |   3415 |    190 |      0 |   2075 |   4 |  901.2 |
       Dungeon |   3605 |   3415 |    190 |      0 |   2075 |   4 |  901.2 |
               +--------+--------+--------+--------+--------+-----+--------+

Top non-repeatable levels by time:
     D:1: 1069 daAuts
     D:2: 1023 daAuts
     D:3: 899 daAuts
     D:4: 613 daAuts
